 Dungeon Crawl Stone Soup version 0.30-a0-170-g85af917532 (webtiles) character file.

Game seed: 4037974806226974831

107 qw the Chopper (level 4, 0/28 HPs)
             Began as a Gargoyle Fighter on Sept 30, 2022.
             Slain by a gnoll
             ... wielding a +0 spear
              (5 damage)
             ... on level 3 of the Dungeon.
             The game lasted 00:00:58 (2232 turns).

qw the Chopper (Gargoyle Fighter)                   Turns: 2232, Time: 00:00:58

Health: 0/28       AC: 11    Str: 21    XL:     4   Next: 86%
Magic:  4/4        EV:  9    Int:  9    God:
Gold:   122        SH:  4    Dex:  9    Spells: 3/3 levels left

rFire   . . .      SeeInvis .    m - +0 war axe (vamp)
rCold   . . .      Faith    .    c - +0 buckler
rNeg    + . .      Spirit   .    b - +0 scale mail
rPois   inf        Reflect  .    (no helmet)
rElec   +          Harm     .    g - +0 cloak
rCorr   .          Rampage  .    (no gloves)
Will    .....                    (no boots)
Stlth   ..........               (no amulet)
HPRegen 0.09/turn                (no ring)
MPRegen 0.09/turn                (no ring)

@: no status effects
A: sickness immunity, AC +3, negative energy resistance 1, electricity
resistance, torment resistance 1, petrification resistance
a: no special abilities


You were on level 3 of the Dungeon.
You visited 1 branch of the dungeon, and saw 3 of its levels.

You collected 122 gold pieces.


Innate Abilities, Weirdness & Mutations

You are immune to sickness and miasma.
Your stone body is resilient. (AC +3)
You are immune to poison.
You resist negative energy. (rN+)
You are resistant to electric shocks. (rElec)
You are resistant to unholy torment.
You are immune to petrification.


   Skills:
 - Level 3.2 Fighting
 + Level 4.4 Axes
 - Level 3.2 Armour
 - Level 3.2 Shields


You had 3 spell levels left.
You didn't know any spells.
Your spell library was empty.

Inventory:

Hand Weapons
 m - a +0 vampiric war axe (weapon)
 o - a +0 whip
Armour
 b - a +0 scale mail (worn)
 c - a +0 buckler (worn)
 g - a +0 cloak (worn)
Scrolls
 a - a scroll of identify
 n - a scroll of brand weapon
Potions
 d - a potion of might
 e - a potion of brilliance {unknown}
 f - a potion of invisibility {unknown}
 h - a potion of haste
 i - a potion of curing
 j - a potion of berserk rage {unknown}
 k - a potion of heal wounds {unknown}
 l - a potion of ambrosia {unknown}

Dungeon Overview and Level Annotations

Branches:
Dungeon (3/15)

Altars:
Yredelemnul

Annotations:
D:3 3 runed translucent doors, qw's ghost, amateur GrFi


Message History

The endoplasm quivers.
You hit the gnoll.
The gnoll is severely wounded.
You hit the gnoll. The gnoll hits you but does no damage.
An orc priest comes into view. It is wielding a +0 short sword.
The gnoll hits you but does no damage.
An orc comes into view. It is wielding a +0 short sword.
The gnoll hits you from afar with a +0 halberd.
The orc shouts!
You slash the gnoll!
You kill the gnoll!
You slash the gnoll!
The gnoll hits you from afar with a +0 halberd.
The gnoll closely misses you.
You barely miss the gnoll.
The gnoll is heavily wounded.
The gnoll barely misses you.
The gnoll hits you but does no damage. x2
The gnoll barely misses you.
The orc priest looks braver for a moment.
2227 ||| Stepping ~*~*~tactically~*~*~ (hiding).
The rat twitches its whiskers.
Items here: $ % ( ) [.
You barely miss the rat. The rat bites you but does no damage.
You hit the rat.
You feel better.
You kill the rat!
The gnoll barely misses you.
You hit the gnoll.
The gnoll is severely wounded.
The gnoll hits you but does no damage. The gnoll hits you with a +0 spear. x2
The gnoll closely misses you.
You hit the gnoll but do no damage.
The gnoll is severely wounded.
The gnoll hits you from afar with a +0 halberd.
You block the gnoll's attack.
You hit the gnoll.
You feel better.
The gnoll is almost dead.
You block the gnoll's attack. The gnoll hits you with a +0 spear.
You die...

... .... ... .g.. ..
.o.. # #.# #.o# #...
..##oJ# #...# .o.o##
#.....#g.g.## .#
#.#..g##..#####..
#...##@........#
##.............#
#...#.#.........##
.. #............####
..
###...>.........####
. #...>............#
######...........#
######........# .#
.......<.......#


You could see 2 gnolls and an orc.

Vanquished Creatures
  A gnoll (D:3)
  3 adders
  An adder zombie (D:3)
  A dart slug (D:1)
  7 ball pythons
  3 endoplasms
  A giant cockroach (D:2)
  8 goblins
  5 hobgoblins (D:1)
  9 jackals
  4 kobolds
  4 quokkas
  5 bats
  2 frilled lizards
  A quokka zombie (D:3)
  6 rats
61 creatures vanquished.

Notes
Turn   | Place    | Note
-------+----------+-------------------------------------------
     0 | D:1      | qw the Gargoyle Fighter began the quest for the Orb.
     0 | D:1      | Reached XP level 1. HP: 14/14 MP: 1/1
     0 | D:1      | 0 ||| qw: Version: 0.2-a-12-gaebbb33
     0 | D:1      | 0 ||| qw: Game counter: 1461
     0 | D:1      | 0 ||| qw: Always use a shield: true
     0 | D:1      | 0 ||| qw: God list: Okawaru
     0 | D:1      | 0 ||| qw: Allow faded altars: false
     0 | D:1      | 0 ||| qw: Do Orc after D:15 true
     0 | D:1      | 0 ||| qw: Do second Lair branch before Depths: true
     0 | D:1      | 0 ||| qw: Lair rune preference: random
     0 | D:1      | 0 ||| qw: Plans: Normal, Zot:1-4, God:TSO, Crypt, Tomb,
                  | Pan, Slime:5, Hells, Abyss, Orb
     0 | D:1      | 0 ||| PLANNING D:1-11
    11 | D:1      | Reached skill level 2 in Axes
   265 | D:1      | Reached XP level 2. HP: 19/19 MP: 2/2
   690 | D:1      | You fall into a shaft and drop 1 floor!
   695 | D:2      | Reached skill level 3 in Axes
   698 | D:2      | 698 ||| UPGRADING to +0 cloak.
   703 | D:2      | 703 ||| DROPPING scarf of invisibility.
   704 | D:2      | 704 ||| READING scroll labelled ASMEN ODIWUCE.
   705 | D:2      | 705 ||| READING 2 scrolls labelled OLILLE JE UFISEIDGH.
   706 | D:2      | 706 ||| DROPPING scroll of immolation.
  1052 | D:1      | Reached XP level 3. HP: 21/23 MP: 3/3
  1266 | D:1      | Found a faded altar of an unknown god.
  1353 | D:1      | 1353 ||| DROPPING +0 club.
  1508 | D:1      | 1508 ||| READING 2 scrolls labelled MODURR TIFEN.
  1509 | D:1      | 1509 ||| READING scroll of brand weapon.
  1509 | D:1      | 1509 ||| BRANDING +0 war axe of draining.
  1510 | D:1      | 1510 ||| READING scroll labelled ITATUM AZESCH.
  1511 | D:1      | 1511 ||| READING 2 scrolls labelled YSENOSHR FIOLOA.
  1556 | D:1      | 1556 ||| DROPPING scroll of torment.
  1896 | D:2      | 1896 ||| Stepping ~*~*~tactically~*~*~ (stealth).
  1909 | D:2      | Reached XP level 4. HP: 28/28 MP: 4/4
  1910 | D:2      | Reached skill level 4 in Axes
  2010 | D:2      | 2010 ||| READING 2 scrolls labelled XERO EMICYAFFU.
  2011 | D:2      | 2011 ||| READING scroll labelled ISEPLAZ MIEMP.
  2014 | D:2      | 2014 ||| DRINKING 2 bubbling silvery potions.
  2015 | D:2      | 2015 ||| DROPPING scroll of fog.
  2078 | D:3      | Found a runed translucent gate.
  2078 | D:3      | Found a runed translucent gate.
  2078 | D:3      | Found a runed translucent gate.
  2078 | D:3      | Noticed qw's ghost (amateur GrFi)
  2080 | D:3      | 2080 ||| DRINKING 2 grey potions.
  2081 | D:3      | 2081 ||| Stepping randomly (stuck).
  2083 | D:3      | 2083 ||| Stepping randomly (stuck).
  2096 | D:3      | 2096 ||| FLEEEEING.
  2155 | D:3      | Found a basalt altar of Yredelemnul.
  2175 | D:3      | 2175 ||| Stepping ~*~*~tactically~*~*~ (stealth).
  2208 | D:3      | 2208 ||| Stepping ~*~*~tactically~*~*~ (stealth).
  2222 | D:3      | 2222 ||| Stepping ~*~*~tactically~*~*~ (stealth).
  2227 | D:3      | 2227 ||| Stepping ~*~*~tactically~*~*~ (hiding).
  2230 | D:3      | HP: 4/28 [gnoll/+0 spear (5)]
  2232 | D:3      | Slain by a gnoll

Levels and vault maps discovered:
D:1:      eino_arrival_druids_welcome, layout_basic,
          dreamdust_ecumenical_altar_angels_and_demons, minmay_small_reverse_x
D:2:      layout_basic
D:3:      layout_rooms, nicolae_yredelemnul_ghost_church, chequers_arboretum

Skill      XL: |  1  2  3  4 |
---------------+-------------+-----
Axes           | 2 3 4 |  4.4
Fighting       | |  3.2
Armour         | |  3.2
Shields        | |  3.2

Action                   |  1- 3 |  4- 6 || total
-------------------------+-------+-------++-------
Melee: War axe           |   132 |    36 ||   168
  Use: Scroll            |     6 |     2 ||     8
       Potion            |       |     2 ||     2
Armor: Scale mail        |    72 |    14 ||    86
Dodge: Dodged            |    61 |    12 ||    73
Block: Buckler           |    28 |     4 ||    32

Table legend:
 A = Non-vault XP
 B = Vault XP
 C = Vault XP percentage of total XP
 D = Non-vault monster count
 E = Vault monster count
 F = Vault count percentage of total count
                 A         B        C        D         E       F
            +---------+---------+-------+---------+---------+-------
      Total |     138 |      16 |  10.4 |      55 |       6 |   9.8
            +---------+---------+-------+---------+---------+-------
        D:1 |      32 |      10 |  23.8 |      19 |       4 |  17.4
        D:2 |      67 |       0 |   0.0 |      27 |       0 |   0.0
        D:3 |      39 |       6 |  13.3 |       9 |       2 |  18.2
            +---------+---------+-------+---------+---------+-------
